 Dungeon Crawl Stone Soup version 0.28-a0-1382-g92835e5c71 (webtiles) character file.

Game seed: 10637579070099897481

1719 browni3141 the Stinger (level 9, -3/51 HPs)
             Began as an Octopode Venom Mage on Jan 1, 2022.
             Was a Believer of Vehumet.
             Slain by a scorpion (8 damage)
             ... on level 5 of the Dungeon.
             The game lasted 00:13:39 (7283 turns).

browni3141 the Stinger (Octopode Venom Mage)        Turns: 7283, Time: 00:13:40

Health: -3/51      AC:  2    Str:  8    XL:     9   Next: 4%
Magic:  1/16       EV: 13    Int: 21    God:    Vehumet [**....]
Gold:   281        SH:  5    Dex: 12    Spells: 7/18 levels left

rFire   + . .      SeeInvis +   o - +3 mace (vorpal)
rCold   x . .      Faith    .   (no shield)
rNeg    . . .      Spirit   .   w - +1 hat {SInv}
rPois   +          Reflect  +   f - amulet of reflection
rElec   .          Harm     .   v - ring of poison resistance
rCorr   .          Rampage  .   p - ring of fire
Will    .....                   (no ring)
Stlth   +++.......              (no ring)
HPRegen 0.17/turn               (no ring)
MPRegen 0.15/turn               (no ring)
                                (no ring)
                                (no ring)

@: weak-willed
A: almost no armour, amphibious, 8 rings, camouflage 1, gelatinous body 1,
(nimble swimmer 1), tentacles
a: Renounce Religion


You were on level 5 of the Dungeon.
You worshipped Vehumet.
Vehumet was pleased with you.
You visited 1 branch of the dungeon, and saw 6 of its levels.

You collected 281 gold pieces.

Inventory:

Hand Weapons
 i - a +0 whip of flaming
 o - a +3 vorpal mace (weapon)
Armour
 l - a +0 kite shield
 w - a +1 hat of see invisible (worn)
Jewellery
 f - an amulet of reflection (around mantle)
 p - a ring of fire (right tentacle)
 v - a ring of poison resistance (left tentacle)
Scrolls
 a - 2 scrolls of enchant weapon
 h - 2 scrolls of fear
 m - a scroll of silence
 t - a scroll of fog {unknown}
 u - a scroll of teleportation {unknown}
Potions
 b - a potion of attraction {unknown}
 d - 2 potions of curing {unknown}
 g - 2 potions of degeneration {unknown}
 n - a potion of cancellation {unknown}
 r - a potion of ambrosia {unknown}
 s - a potion of haste {unknown}
 x - 2 potions of might {unknown}


   Skills:
 - Level 2.0 Dodging
 - Level 2.6 Stealth
 - Level 5.0 Spellcasting
 * Level 5.9 Conjurations
 - Level 1.0 Transmutations
 * Level 6.1 Air Magic
 - Level 7.0 Poison Magic


You had 7 spell levels left.
You knew the following spells:

 Your Spells              Type           Power      Damage    Failure   Level
a - Sting                 Tmut/Pois      88%        1d7       1%          1
b - Poisonous Vapours     Pois/Air       64%        N/A       1%          2
c - Olgreb's Toxic Radia  Pois           34%        N/A       6%          4
d - Shock                 Conj/Air       100%       1d9       1%          1
e - Mephitic Cloud        Conj/Pois/Air  31%        N/A       2%          3

Your spell library contained the following spells:

 Spells                   Type           Power      Damage    Failure   Level
 Scorch                   Fire           14%        2d6       16%         2


Dungeon Overview and Level Annotations

Branches:
Dungeon (6/15)             Temple (0/1) D:6

Altars:
Ashenzari
Elyvilon
Nemelex Xobeh
Vehumet
Yredelemnul
The Shining One


Innate Abilities, Weirdness & Mutations

You cannot wear most types of armour.
You are amphibious.
You can wear up to eight rings at the same time.
Your skin changes colour to match your surroundings (Stealth+).
Your rubbery body absorbs attacks. (AC +1, EV +1)
((You are camouflaged when in or above water. (Stealth+)))
You have tentacles for arms and can constrict up to eight enemies at once.


Message History

The wyvern zombie bites you!
As you read the scroll labelled FIZUCZAUCA, it crumbles to dust.
You hear a loud clanging noise!
It was a scroll of noise.
You hear a shout!
The wyvern zombie misses you.
As you read the scroll labelled LUGUXO TEPHIC, it crumbles to dust.
It is a scroll of brand weapon.
Your +0 whip is engulfed in flames!
i - a +0 whip of flaming You block the wyvern zombie's attack.
The wyvern zombie bites you!
* * * LOW HITPOINT WARNING * * *
Unknown command.
Things that are here:
a +0 mace; a +0 plate armour; an orc corpse
As you read the scroll labelled GUBBARCH JOPIMA, it crumbles to dust.
It is a scroll of identify.
m - a scroll of silence The wyvern zombie barely misses you.
Blink to where?
Press: ? - help, Dir - move target A scorpion comes into view.
As you read the scroll labelled RYG VEGIAQATU, it crumbles to dust.
It was a scroll of blinking.
The scorpion barely misses you. The scorpion misses you.
There is a stone staircase leading up here.
The scorpion stings you.
* * * LOW HITPOINT WARNING * * *
You climb upwards.
There is a stone staircase leading down here.
Unknown command.
Casting: Mephitic Cloud (dangerous; 2% risk of failure)
Confirm with . or Enter, or press ? or * to list all spells.
Aiming: Mephitic Cloud (dangerous; 2% risk of failure)
Press: ? - help, Shift-Dir - straight line The ball explodes into a vile cloud!
The stinking cloud engulfs the scorpion but does no damage.
The scorpion is engulfed in noxious fumes.
The scorpion appears confused.
The scorpion stings you!
You die...

##......## #..........
##.#...#### #..........
#.#..##.#.#
##..........
....##.#(##
#........... #..##.#.##
##........... ...###.##
#########............
..## ###
##..§§##...........##.
.##
##...s○☼......#########
## ##.....@......## ##
##...####.....## .##
##...## ##...## ..###
##...## ##.(#
....###..)## #..#
..........# #..##
##........# #...#
##..<....# #..##
#.......# ####


You could see a scorpion (confused).

Vanquished Creatures
  Maggie (D:6)
  Sigmund (D:3)
  An orc warrior (D:6)
  A black bear (D:6)
  4 ogres
  A necrophage (D:4)
  A scorpion (D:5)
  2 howler monkeys
  A bullfrog zombie (D:5)
  A hound (D:4)
  2 orc priests
  A gnoll shaman (D:5)
  2 iguanas (D:4)
  3 orc wizards
  A hound skeleton (D:4)
  A howler monkey zombie (D:5)
  Robin (D:3)
  5 gnolls (D:5)
  5 adders
  2 ufetubi (D:5)
  2 worms
  13 orcs
  2 ball pythons
  5 bats
  3 endoplasms
  A giant cockroach (D:2)
  12 goblins
  8 hobgoblins
  3 jackals (D:2)
  2 quokkas (D:2)
  8 frilled lizards
  5 kobolds
  5 rats
106 creatures vanquished.

Notes
Turn   | Place    | Note
-------+----------+-------------------------------------------
     0 | D:1      | browni3141 the Octopode Venom Mage began the quest for the
                  | Orb.
     0 | D:1      | Reached XP level 1. HP: 11/11 MP: 3/3
   188 | D:1      | Found a faded altar of an unknown god.
   366 | D:1      | Reached skill level 4 in Poison Magic
   910 | D:1      | Reached XP level 2. HP: 17/17 MP: 3/5
  1114 | D:2      | Learned a level 2 spell: Poisonous Vapours
  1718 | D:2      | Reached XP level 3. HP: 10/21 MP: 0/6
  1903 | D:2      | Reached skill level 5 in Poison Magic
  2653 | D:3      | Found a radiant altar of Vehumet.
  2681 | D:3      | Became a worshipper of Vehumet
  2885 | D:3      | Noticed Robin
  3017 | D:3      | Reached XP level 4. HP: 27/27 MP: 3/7
  3043 | D:3      | Learned a level 4 spell: Olgreb's Toxic Radiance
  3184 | D:3      | Noticed Sigmund
  3233 | D:3      | Reached skill level 6 in Poison Magic
  3236 | D:3      | Found a basalt altar of Yredelemnul.
  3630 | D:3      | Killed Robin
  3630 | D:3      | Reached * piety under Vehumet
  3630 | D:3      | Offered knowledge of Shock by Vehumet.
  3631 | D:3      | Reached XP level 5. HP: 31/31 MP: 0/8
  3716 | D:3      | Learned a level 1 spell: Shock
  4222 | D:4      | Noticed an ogre
  4652 | D:4      | Noticed a necrophage
  4665 | D:4      | Reached XP level 6. HP: 28/36 MP: 4/11
  4683 | D:4      | Killed a necrophage
  5175 | D:4      | Learned a level 3 spell: Mephitic Cloud
  5215 | D:5      | Entered Level 5 of the Dungeon
  5265 | D:5      | Found a sparkling altar of Nemelex Xobeh.
  5315 | D:5      | Reached XP level 7. HP: 41/41 MP: 6/14
  5328 | D:5      | Reached skill level 7 in Poison Magic
  5490 | D:4      | Reached skill level 1 in Conjurations
  5490 | D:4      | Reached skill level 1 in Air Magic
  5726 | D:3      | Killed Sigmund
  5727 | D:3      | Reached skill level 5 in Spellcasting
  6187 | D:5      | Reached XP level 8. HP: 46/46 MP: 4/15
  6366 | D:5      | Reached ** piety under Vehumet
  6366 | D:5      | Offered knowledge of Scorch by Vehumet.
  6564 | D:5      | Found a broken altar of Ashenzari.
  6568 | D:5      | Found a glowing golden altar of the Shining One.
  6569 | D:5      | Found a white marble altar of Elyvilon.
  7243 | D:6      | Found a staircase to the Ecumenical Temple.
  7251 | D:6      | Reached skill level 5 in Air Magic
  7252 | D:6      | Noticed Maggie
  7266 | D:6      | Reached skill level 5 in Conjurations
  7272 | D:6      | Killed Maggie
  7273 | D:6      | Reached XP level 9. HP: 25/51 MP: 2/16
  7283 | D:5      | Slain by a scorpion

Illustrated notes

Levels and vault maps discovered:
D:1:      dpeg_arrival_three_bigger_balls, layout_basic,
          hellmonk_ecumenical_altar_run_dry
D:2:      layout_basic
D:3:      layout_loops_ring, mainiacjoe_overflow_paths,
          mainiacjoe_overflow_concentric_impassable, minmay_misc_feat_enclosed,
          uniq_robin, uniq_sigmund
D:4:      layout_cave_pods
D:5:      minmay_angry_zag, layout_layer_cave,
          nemelex_xobeh_ov_fountains_minmay, minitemple
D:6:      layout_rooms, minmay_temple_entry_wispy, feat_on_display, uniq_maggie

Skill      XL: |  1  2  3  4  5  6  7  8 |
---------------+-------------------------+-----
Poison Magic   | 4 5 6 7 |  7.0
Spellcasting   | 3 4 5 |  5.0
Conjurations   | 3 5 |  5.9
Air Magic      | 3 6 |  6.1
Dodging        | |  2.0
Stealth        | |  2.6
Transmutations | |  1.0

Action                   |  1- 3 |  4- 6 |  7- 9 || total
-------------------------+-------+-------+-------++-------
Melee: Unarmed           |    28 |       |       ||    28
       Constrict         |     6 |    13 |    10 ||    29
       Tentacles         |     5 |     6 |     8 ||    19
       Whip              |       |    19 |       ||    19
       Mace              |       |    32 |    42 ||    74
 Cast: Sting             |    63 |    12 |     6 ||    81
       Olgreb's Toxic Ra |       |     8 |    17 ||    25
       Poisonous Vapours |       |     8 |     3 ||    11
       Shock             |       |     4 |     1 ||     5
       Mephitic Cloud    |       |       |     7 ||     7
  Use: Scroll            |       |       |     7 ||     7
 Stab: Sleeping          |     1 |     3 |       ||     4
       Distracted        |       |     1 |     1 ||     2
       Confused          |       |       |     1 ||     1
Armor: Skin              |     1 |     4 |     3 ||     8
Dodge: Dodged            |    24 |    34 |    33 ||    91
Block: Other             |    15 |    18 |    16 ||    49
       Reflection        |       |       |     1 ||     1

Table legend: (Time is in decaauts)
 A = Elapsed time spent in this place.
 B = Non-inter-level travel time spent in this place.
 C = Inter-level travel time spent in this place.
 D = Time resting spent in this place.
 E = Time spent auto-exploring this place.
 F = Levels seen in this place.
 G = Mean time per level.
                   A        B        C        D        E       F      G
               +--------+--------+--------+--------+--------+-----+--------+
         Total |   7317 |   6786 |    531 |    528 |   5209 |   6 | 1219.5 |
       Dungeon |   7317 |   6786 |    531 |    528 |   5209 |   6 | 1219.5 |
               +--------+--------+--------+--------+--------+-----+--------+

Top non-repeatable levels by time:
     D:4: 1834 daAuts
     D:2: 1685 daAuts
     D:5: 1401 daAuts
     D:3: 1332 daAuts
     D:1: 1008 daAuts
     D:6: 56 daAuts
